 Dungeon Crawl Stone Soup version 0.31-a0-1082-g7d1fb776a8 (webtiles) character file.

Game seed: 4501519094294527503

910 Flugslaktarn the Changeling (level 8, 0/50 (51) HPs)
             Began as an Octopode Shapeshifter on Nov 28, 2023.
             Slain by a wight
             ... wielding a +2 flail of freezing
              (8 damage)
             ... on level 4 of the Dungeon.
             The game lasted 00:03:16 (4007 turns).

Flugslaktarn the Changeling (Octopode Shapeshifter) Turns: 4007, Time: 00:03:17

HP:   0/50 (51)     AC:  1    Str: 13    XL:     8   Next: 8%
MP:   17/17         EV: 13    Int: 18    God:
Gold: 142           SH:  0    Dex:  8    Spells: 7/7 levels left

rFire   . .          .
                       - Unarmed
rCold   + . .        (shield currently unavailable)
rNeg    + . .        (helmet restricted)
rPois   .            p - amulet of faith
rElec   .            m - ring of positive energy
rCorr   .            g - ring "Anegg" {rC+ MP+9 Int+5 Dex-5}
SInv    .            (no ring)
Will    .....        (no ring)
Stlth   +            (no ring)
HPRegen 0.28/turn    (no ring)
MPRegen 0.15/turn    (no ring)
                     (no ring)

%: faith
@: flux-form, glowing, lightly drained
A: glow, contaminating, almost no armour, amphibious, 8 rings, camouflage 1,
gelatinous body 1, (nimble swimmer 1), tentacles
a: Begin Untransformation


You were on level 4 of the Dungeon.
You were something dangerously unstable.
You visited 2 branches of the dungeon, and saw 5 of its levels.

You collected 142 gold pieces.

Inventory:

Missiles
 d - a throwing net
Jewellery
 g - the ring "Anegg" (right tentacle) {rC+ MP+9 Int+5 Dex-5}
   (You took it off a wight on level 4 of the Dungeon)

   [ring of protection from cold]

   Int+5:     It affects your intelligence (+5).
   Dex-5:     It affects your dexterity (-5).
   rC+:       It protects you from cold.
   MP+9:      It affects your magic capacity (+9).
 m - a ring of positive energy (left tentacle)
   (You found it on level 2 of the Dungeon)
 p - an amulet of faith (around mantle)
   (You found it on level 3 of the Dungeon)
Talismans
 b - a beast talisman
 c - a flux talisman (active)
Scrolls
 a - a scroll of noise {unknown}
 e - a scroll of fog
 f - a scroll of vulnerability
 j - a scroll of amnesia


   Skills:
 + Level 2.8 Fighting
 + Level 3.3 Dodging
 + Level 4.0 Unarmed Combat
 + Level 7.5 Shapeshifting


You had 7 spell levels left.
You didn't know any spells.
Your spell library was empty.

Dungeon Overview and Level Annotations

Branches:
Dungeon (4/15)             Temple (1/1) D:4

Altars:
Dithmenos
Elyvilon
Fedhas
Hepliaklqana
Kikubaaqudgha
Makhleb
Qazlal
Sif Muna
Uskayaw
Vehumet
Xom
Yredelemnul
Zin
The Shining One

Shops:
D:1 [   D:3 *   D:4 *

Annotations:
Temple 2 transporters


Innate Abilities, Weirdness & Mutations

You are something dangerously unstable.
You glow with magical radiation, making you easy to see and hit.
Foes you strike become dangerously contaminated with magical radiation.
You are incapable of wielding weapons or throwing items.
You cannot wear most types of armour.
You are amphibious.
You can wear up to eight rings at the same time.
Your skin changes colour to match your surroundings (Stealth+).
Your rubbery body absorbs attacks. (AC +1, EV +1)
((You are camouflaged when in or above water. (Stealth+)))
You have tentacles for arms and can constrict up to eight enemies at once.


Message History

HP restored.
You see here a giant cockroach corpse.
A wight comes into view. It is wielding a +0 scimitar.
A wight is nearby!
A wight is nearby!
A wight comes into view. It is wielding a +0 scimitar.
The wight hits you with a +0 scimitar.
You tentacle-slap the wight but do no damage.
The wight begins to glow.
You grab the wight. You squeeze the wight.
The wight is lightly damaged.
You constrict the wight. The wight closely misses you.
You tentacle-slap the wight but do no damage.
The wight glows dangerously bright.
You squeeze the wight.
The wight is moderately damaged.
You constrict the wight, but do no damage.
The wight barely misses you.
You tentacle-slap the wight.
The wight shudders as magic cascades through it!
You destroy the wight!
Found Gavvamy's Fire Supplies.
No target in view!
The wight barely misses you.
You tentacle-slap the wight but do no damage.
The wight begins to glow.
You grab the wight. You squeeze the wight.
The wight is moderately damaged.
You constrict the wight. The wight barely misses you.
You tentacle-slap the wight but do no damage.
The wight glows dangerously bright.
The wight is heavily damaged.
You constrict the wight, but do no damage.
The wight closely misses you.
You tentacle-slap the wight.
The wight shudders as magic cascades through it!!
You destroy the wight!
You have reached level 8!
Things that are here:
a +0 scimitar; 7 stones; a +0 robe
There is an entrance to Gavvamy's Fire Supplies here.
A wight comes into view.
It is wielding a +0 war axe and wearing the ring "Anegg" {rC+ MP+9 Int+5 Dex-5}.
Unknown command.
You start waiting.
A wight is nearby!
You closely miss the wight. Your grab misses the wight.
You squeeze the wight, but do no damage.
The wight closely misses you.
You barely miss the wight. You grab the wight.
You constrict the wight, but do no damage.
The wight barely misses you.
You tentacle-slap the wight.
The wight begins to glow.
The wight is lightly damaged.
You constrict the wight. The wight closely misses you.
You tentacle-slap the wight but do no damage.
The wight glows dangerously bright.
You squeeze the wight!
The wight is severely damaged.
You constrict the wight. The wight closely misses you.
You tentacle-slap the wight but do no damage.
The wight shudders as magic cascades through it!!
You destroy the wight!
Your Unarmed Combat skill increases to level 4!
g - the ring "Anegg" {rC+ MP+9 Int+5 Dex-5}
Things that are here:
a +0 war axe; a +0 robe You feel clever.
You feel clumsy.
g - the ring "Anegg" (right tentacle) {rC+ MP+9 Int+5 Dex-5} Unknown command.
Magic restored.
A wight comes into view. It is wielding a +2 flail of freezing.
Found a pink potion.
A wight is nearby!
A wight is nearby!
A wight is nearby!
You closely miss the wight. You grab the wight. You constrict the wight.
The wight hits you with a +2 flail of freezing.
The wight freezes you.
You barely miss the wight. You squeeze the wight.
The wight is moderately damaged.
You constrict the wight, but do no damage.
The wight hits you with a +2 flail of freezing!
You partially resist.
You feel drained. The wight freezes you.
You tentacle-slap the wight but do no damage.
The wight begins to glow.
You squeeze the wight, but do no damage.
The wight is moderately damaged.
You constrict the wight. The wight closely misses you.
You tentacle-slap the wight but do no damage.
The wight glows dangerously bright.
The wight is moderately damaged.
You constrict the wight, but do no damage.
The wight hits you with a +2 flail of freezing!
* * * LOW HITPOINT WARNING * * *
The wight freezes you.
* * * LOW HITPOINT WARNING * * *
You are too injured to fight recklessly!
You tentacle-slap the wight but do no damage.
The wight shudders as magic cascades through it!
The wight is almost destroyed.
You constrict the wight.
The wight hits you with a +2 flail of freezing!
You die...

## ♣♣..§§♣♣## .
##.§## ### ..
#..# .!. .. ##.#
... .. #.# ..#
.# ##)# #..###
##
#####..###......
#
#.......#z......
##
#.....##.p....#
.# #..###
#....### ## #..
.....## # ##
.......#
######### # ..
[. ##


You could see a wight.

Vanquished Creatures
  Sigmund (D:3)
  Pargi (D:3)
  A phantom (D:4)
  A scorpion (D:4)
  3 wights (D:4)
  A jelly (D:4)
  Ijyb (D:3)
  Terence (D:3)
  2 iguanas (D:4)
  2 orc wizards (D:4)
  Robin (D:4)
  4 gnolls
  2 adders
  A worm (D:2)
  3 dart slugs
  10 orcs
  10 ball pythons
  4 endoplasms
  5 giant cockroaches
  14 goblins
  9 hobgoblins
  4 jackals
  3 quokkas (D:1)
  A bat (D:1)
  4 frilled lizards
  7 kobolds
  4 rats
100 creatures vanquished.

Notes
Turn   | Place    | Note
-------+----------+-------------------------------------------
     0 | D:1      | Flugslaktarn the Octopode Shapeshifter began the quest for
                  | the Orb.
     0 | D:1      | Reached XP level 1. HP: 13/13 MP: 1/1
   205 | D:1      | Reached XP level 2. HP: 18/18 MP: 2/2
   264 | D:1      | Found Ighusid's Armour Emporium.
   513 | D:1      | Reached XP level 3. HP: 23/23 MP: 3/3
   528 | D:1      | Reached skill level 4 in Shapeshifting
  1159 | D:2      | Identified the +6 falchion of the Writhing Scorpion {drain,
                  | rF+ Will+ Int+3 Dex-5}
  1393 | D:2      | Found a faded altar of an unknown god.
  1480 | D:3      | Noticed Terence
  1486 | D:3      | Killed Terence
  1487 | D:3      | Reached XP level 4. HP: 22/28 MP: 4/4
  1608 | D:3      | Noticed Pargi
  1609 | D:3      | Noticed Sigmund
  1621 | D:3      | Killed Pargi
  1622 | D:3      | Reached skill level 5 in Shapeshifting
  1622 | D:3      | Reached XP level 5. HP: 20/33 MP: 5/5
  1942 | D:2      | Reached skill level 6 in Shapeshifting
  1948 | D:3      | Reached XP level 6. HP: 38/38 MP: 6/6
  2071 | D:3      | Found Yklexuf's Assorted Antiques.
  2129 | D:3      | Noticed Ijyb
  2139 | D:3      | Killed Ijyb
  2171 | D:3      | Killed Sigmund
  2172 | D:3      | Reached skill level 7 in Shapeshifting
  2766 | D:4      | Identified the +0 helmet of the Realm of Zot {Str+2 Int+3
                  | Slay+2 SInv}
  2766 | D:4      | Noticed Robin
  2769 | D:4      | Reached XP level 7. HP: 42/43 MP: 7/7
  2784 | D:4      | Killed Robin
  3091 | D:4      | Found a staircase to the Ecumenical Temple.
  3168 | Temple   | Found a transporter.
  3168 | Temple   | Found a transporter.
  3168 | Temple   | Found a transporter.
  3168 | Temple   | Found a transporter.
  3168 | Temple   | Entered the Ecumenical Temple
  3547 | D:4      | Found a shadowy altar of Dithmenos.
  3901 | D:4      | Found Gavvamy's Fire Supplies.
  3908 | D:4      | Reached XP level 8. HP: 49/51 MP: 8/8
  3923 | D:4      | Identified the ring "Anegg" {rC+ MP+9 Int+5 Dex-5}
  4007 | D:4      | Slain by a wight

Illustrated notes

Levels and vault maps discovered:
D:1:      lemuel_arrival_rhombus, layout_loops_corners, serial_shops,
          nicolae_square_shop, minmay_tetromino_s4
D:2:      layout_basic, shapermc_ecumenical_altar_mp_vishouse
D:3:      layout_loops_ring, serial_shops, shop_statue, uniq_pargi,
          uniq_terence, uniq_sigmund, uniq_ijyb
D:4:      layout_layer_cave, kennysheep_mini, minmay_temple_entry_tees,
          nicolae_shop_fire_sale [nicolae_sub_dead_trees], uniq_robin
Temple:   hellmonk_temple_divided_pantheon

Skill      XL: |  1  2  3  4  5  6  7  8 |
---------------+-------------------------+-----
Shapeshifting  | 4 5 6 7 |  7.5
Fighting       | 2 |  2.8
Dodging        | 3 |  3.3
Unarmed Combat | 4 |  4.0

Action                     |  1- 3 |  4- 6 |  7- 9 || total
---------------------------+-------+-------+-------++-------
  Melee: Unarmed           |    63 |    73 |   101 ||   237
         Constrict         |    18 |    16 |    32 ||    66
         Tentacles         |    15 |    17 |    32 ||    64
    Use: Potion            |       |     5 |       ||     5
         Scroll            |       |     9 |       ||     9
   Stab: Sleeping          |     8 |     2 |       ||    10
 Armour: Skin              |    18 |    52 |    41 ||   111
  Dodge: Dodged            |    28 |    44 |    56 ||   128
   Form: Flux              |       |     1 |       ||     1

Table legend: (Time is in decaauts)
 A = Elapsed time spent in this place.
 B = Non-inter-level travel time spent in this place.
 C = Inter-level travel time spent in this place.
 D = Time resting spent in this place.
 E = Time spent auto-exploring this place.
 F = Levels seen in this place.
 G = Mean time per level.
                   A        B        C        D        E       F      G
               +--------+--------+--------+--------+--------+-----+--------+
         Total |   3996 |   3838 |    158 |    783 |   2386 |   5 |  799.2 |
       Dungeon |   3992 |   3834 |    158 |    783 |   2386 |   4 |  998.0 |
        Temple |      3 |      3 |      0 |      0 |      0 |   1 |    3.0 |
               +--------+--------+--------+--------+--------+-----+--------+

Top non-repeatable levels by time:
     D:3: 1158 daAuts
     D:4: 1131 daAuts
     D:1: 854 daAuts
     D:2: 847 daAuts
  Temple: 3 daAuts
